 Dungeon Crawl Stone Soup version 0.23-a0-290-g290e36d (webtiles) character file.

114 b5mith the Skirmisher (level 4, -8/42 HPs)
             Began as a Minotaur Berserker on Oct 3, 2018.
             Was a Priest of Trog.
             Mangled by an ogre
             ... wielding a +0 giant club
              (19 damage)
             ... on level 4 of the Dungeon.
             The game lasted 00:04:38 (2062 turns).

b5mith the Skirmisher (Minotaur Berserker)          Turns: 2062, Time: 00:04:39

Health: -8/42      AC:  5    Str: 22    XL:     4   Next: 67%
Magic:  3/3        EV:  6    Int:  4    God:    Trog [***...]
Gold:   88         SH: 11    Dex: 10    Spells: 3/3 levels left

rFire    . . .     SeeInvis .   a - +0 falchion
rCold    . . .     Gourm    .   o - +0 large shield (curse)
rNeg     . . .     Faith    .   m - +0 ring mail
rPois    .         Spirit   .   (helmet restricted)
rElec    .         Reflect  .   (no cloak)
rCorr    .         Harm     .   (no gloves)
MR       .....                  (no boots)
Stlth    ..........             (no amulet)
HPRegen  0.14/turn              (no ring)
MPRegen  0.08/turn              (no ring)

@: no status effects
A: retaliatory headbutt, horns 2
a: Berserk, Trog's Hand, Renounce Religion


You were on level 4 of the Dungeon.
You worshipped Trog.
Trog was most pleased with you.
You were not hungry.

You visited 1 branch of the dungeon, and saw 4 of its levels.

You collected 88 gold pieces.

Inventory:

Hand Weapons
 a - a +0 falchion (weapon)
 h - a +0 hunting sling
   (You found it on level 2 of the Dungeon)
Missiles
 k - 66 stones (quivered)
Armour
 b - a +0 animal skin
 m - a +0 ring mail (worn)
   (You found it on level 2 of the Dungeon)
 o - a cursed +0 large shield (worn)
   (You found it on level 3 of the Dungeon)
 t - a cursed -1 pair of boots
   (You found it on level 3 of the Dungeon)
Jewellery
 q - an uncursed ring of poison resistance {unknown}
   (You found it on level 3 of the Dungeon)
Scrolls
 e - a scroll of remove curse {unknown}
 g - 2 scrolls of identify {unknown}
 i - a scroll of enchant armour {unknown}
 j - 2 scrolls of random uselessness {unknown}
 l - 2 scrolls of blinking {unknown}
 n - a scroll of teleportation {unknown}
Potions
 f - a potion of agility {unknown}
 p - a potion of flight {unknown}
 r - a potion of degeneration {unknown}
 s - 2 potions of heal wounds {unknown}
 u - a potion of haste {unknown}
Comestibles
 c - 7 rations


   Skills:
 + Level 5.3 Fighting
 + Level 5.3 Long Blades
 - Level 2.4 Armour
 - Level 2.1 Dodging


You had 3 spell levels left.
You didn't know any spells.
Your spell library was empty.

Dungeon Overview and Level Annotations

Branches:
Dungeon (4/15)
 Temple: D:4-7

Altars:
Ashenzari
Makhleb


Innate Abilities, Weirdness & Mutations

You reflexively headbutt those who attack you in melee.
You have a pair of horns on your head.


Message History

You block the orc's attack.
An ogre comes into view. It is wielding a giant club.
The orc hits you but does no damage. x2; You block the orc's attack.
The ogre shouts!
You hit the orc but do no damage.
The orc is almost dead.
You block the orc's attack. The orc hits you but does no damage.
You hit the orc.
You kill the orc!
Trog accepts your kill. The orc hits you but does no damage.
You hit the orc.
The orc is heavily wounded.
You block the orc's attack. The orc hits you but does no damage.
You hit the orc. Your headbutt misses the orc.
The orc is severely wounded.
The orc hits you with a hand axe. The orc hits you but does no damage.
You slash the orc!
You kill the orc!
Trog accepts your kill. The orc hits you but does no damage.
You block the giant cockroach's attack. The orc hits you but does no damage.
You hit the orc.
The orc is almost dead.
You block the giant cockroach's attack. You block the orc's attack.
You hit the orc but do no damage.
The orc is almost dead.
The giant cockroach bites you. You block the orc's attack.
You barely miss the orc. You headbutt the orc.
You kill the orc!
Trog accepts your kill.
The giant cockroach bites you but does no damage.
The giant cockroach completely misses you.
You barely miss the ogre. You headbutt the ogre!
The ogre is heavily wounded.
The ogre hits you with a giant club! The giant cockroach barely misses you.
You completely miss the ogre.
The ogre is heavily wounded.
You block the giant cockroach's attack. The ogre hits you with a giant club!!
* * * LOW HITPOINT WARNING * * *
You are too injured to fight recklessly!
You are too injured to fight recklessly!
You are too injured to fight recklessly!
You are too injured to fight recklessly!
You are too injured to fight recklessly!
You are too injured to fight recklessly!
You slash the ogre!
The ogre is severely wounded.
You block the giant cockroach's attack. The ogre hits you with a giant club!!
You die...

#. .# ##. .
..#. . ... ..
#.# ... #.###
.... #sO.#
.....
###@#^##......
#.............
#.###.########
... #.......#
### #<#####.#
#....# #.##.#
#.# # #..


You could see an ogre and a giant cockroach.

Vanquished Creatures
  A gnoll (D:1)
  2 adders
  2 worms (D:3)
  4 leopard geckos
  10 orcs
  2 ball pythons
  A giant cockroach (D:2)
  6 goblins
  8 hobgoblins
  3 jackals (D:2)
  A quokka (D:3)
  8 bats
  5 frilled lizards
  4 kobolds
  9 rats
66 creatures vanquished.

Notes
Turn   | Place    | Note
-------+----------+-------------------------------------------
     0 | D:1      | b5mith the Minotaur Berserker began the quest for the Orb.
     0 | D:1      | Reached XP level 1. HP: 19/19 MP: 0/0
     3 | D:1      | Noticed an electric eel
     3 | D:1      | Noticed an electric eel
   158 | D:1      | Reached XP level 2. HP: 23/27 MP: 1/1
   343 | D:1      | Reached XP level 3. HP: 34/34 MP: 2/2
   636 | D:1      | Reached ** piety under Trog
  1363 | D:2      | Found a burning altar of Makhleb.
  1411 | D:3      | Reached XP level 4. HP: 41/41 MP: 3/3
  1412 | D:3      | Reached skill level 5 in Fighting
  1484 | D:3      | Reached skill level 5 in Long Blades
  2008 | D:3      | Found a shattered altar of Ashenzari.
  2051 | D:4      | Noticed an ogre
  2059 | D:4      | Reached *** piety under Trog
  2062 | D:4      | Mangled by an ogre

Vault maps used:
D:1:      arrival_aquarium_b
D:2:      nicolae_overflow_hidden_temple
D:3:      lemuel_coloured_pillars_altar, first_ration
D:4:      lemuel_upstairs_altar, kennysheep_little_box,
          nicolae_dithmenos_the_darkroom, minmay_temple_entry_poolview,
          uniq_ijyb, uniq_eustachio, uniq_duvessa

Skill      XL: |  1  2  3  4 |
---------------+-------------+-----
Fighting       | 4 5 |  5.3
Long Blades    | 4 5 |  5.3
Armour         | |  2.4
Dodging        | |  2.1

Action                   |  1- 3 |  4- 6 || total
-------------------------+-------+-------++-------
Melee: Falchion          |    70 |    72 ||   142
       Headbutt          |     8 |    16 ||    24
  Eat: Chunk             |     2 |     2 ||     4
Armor: Animal skin       |    15 |       ||    15
       Ring mail         |     2 |    22 ||    24
Dodge: Dodged            |    46 |    11 ||    57
Block: Large shield      |       |    41 ||    41
       Rpst.: Falchion   |    11 |     1 ||    12

Table legend:
 A = Non-vault XP
 B = Vault XP
 C = Vault XP percentage of total XP
 D = Non-vault monster count
 E = Vault monster count
 F = Vault count percentage of total count
                 A         B        C        D         E       F
            +---------+---------+-------+---------+---------+-------
      Total |     164 |       0 |   0.0 |      66 |       0 |   0.0
            +---------+---------+-------+---------+---------+-------
        D:1 |      53 |       0 |   0.0 |      25 |       0 |   0.0
        D:2 |      33 |       0 |   0.0 |      14 |       0 |   0.0
        D:3 |      66 |       0 |   0.0 |      23 |       0 |   0.0
        D:4 |      12 |       0 |   0.0 |       4 |       0 |   0.0
            +---------+---------+-------+---------+---------+-------
